 Dungeon Crawl Stone Soup version 0.30.1-11-g7821555f0a (webtiles) character file.

Game seed: 9705155383992573211

23447 Peloso the Fencer (level 12, 0/112 HPs)
             Began as a Minotaur Fighter on Dec 30, 2023.
             Was a High Priest of Okawaru.
             Slain by a basilisk (29 damage)
             ... on level 4 of the Lair of Beasts.
             The game lasted 00:24:06 (14749 turns).

Peloso the Fencer (Minotaur Fighter)               Turns: 14749, Time: 00:24:07

Health: 0/112      AC: 21    Str: 22    XL:     12   Next: 71%
Magic:  12/12      EV:  2    Int:  5    God:    Okawaru [*****.]
Gold:   616        SH:  0    Dex: 20    Spells: 11/11 levels left

rFire   . . .        a - +2 long sword (heavy)
rCold   . . .        d - +0 buckler
rNeg    . . .        O - +0 plate armour
rPois   +            (helmet restricted)
rElec   .            R - +2 cloak of Decompression {Fly Regen+}
rCorr   .            (no gloves)
SInv    .            x - +0 pair of boots
Will    .....        (no amulet) Stlth
                     j - ring of poison resistance
HPRegen 1.18/turn    E - +6 ring of dexterity
MPRegen 0.13/turn

%: no passive effects
@: sleeping, flying, studying Long Blades
A: horns 2, retaliatory headbutt
a: Renounce Religion, Heroism, Finesse, Duel


You were on level 4 of the Lair of Beasts.
You worshipped Okawaru.
Okawaru was extremely pleased with you.
You visited 3 branches of the dungeon, and saw 17 of its levels.

You collected 672 gold pieces.
You spent 56 gold pieces at shops.

Inventory:

Hand Weapons
 a - a +2 heavy long sword (weapon)
Missiles
 P - a throwing net (quivered)
Armour
 d - a +0 buckler (worn)
 x - a +0 pair of boots (worn)
 O - a +0 plate armour (worn)
 R - the +2 cloak of Decompression (worn) {Fly Regen+}
   (Okawaru gifted it to you on level 11 of the Dungeon)

   Fly:       It grants you flight.
   Regen:     It increases your rate of health regeneration.
Jewellery
 j - a ring of poison resistance (left hand)
 m - a ring of positive energy
 y - an amulet of magic regeneration
 E - a +6 ring of dexterity (right hand)
 H - a ring of positive energy
 Q - a +5 ring of evasion
 S - a ring of willpower
Wands
 z - a wand of charming (5)
 A - a wand of polymorph (3)
 C - a wand of flame (25)
 G - a wand of iceblast (8)
 L - a wand of mindburst (9)
 T - a wand of light (9)
Scrolls
 e - 4 scrolls of teleportation
 g - 2 scrolls of fog
 l - 4 scrolls of poison
 o - 2 scrolls of silence
 p - 3 scrolls of amnesia
 v - a scroll of brand weapon
 F - 3 scrolls of enchant armour {unknown}
 I - 2 scrolls of noise {unknown}
 M - a scroll of magic mapping
Potions
 f - 6 potions of mutation
 h - 2 potions of resistance
 i - 4 potions of haste
 k - 2 potions of lignification {unknown}
 n - 2 potions of might
 q - 5 potions of curing
 r - 2 potions of magic {unknown}
 s - 2 potions of flight
 t - 2 potions of cancellation {unknown}
 u - a potion of degeneration {unknown}
 w - 2 potions of attraction
 D - a potion of berserk rage
 J - a potion of ambrosia {unknown}
 N - 3 potions of brilliance
 V - 2 potions of heal wounds
Miscellaneous
 K - a phantom mirror


   Skills:
 + Level 12.0 Fighting
 + Level 16.1 Long Blades
 + Level 9.4 Axes
 + Level 13.5 Armour
 + Level 4.6 Dodging
 + Level 1.4 Stealth
 + Level 10.2 Shields
 + Level 1.6 Invocations
 + Level 0.7 Evocations


You had 11 spell levels left.
You didn't know any spells.
Your spell library contained the following spells:

 Spells                   Type           Power      Damage    Failure   Level
 Necrotise                Necr           0%         1d4       100%        1
 Blink                    Tloc           0%         N/A       100%        2
 Ensorcelled Hibernation  Hex/Ice        0%         N/A       100%        2
 Lesser Beckoning         Tloc           0%         N/A       100%        2
 Momentum Strike          Conj/Tloc      0%         3d8       100%        2
 Passwall                 Tmut/Erth      0%         N/A       100%        2
 Scorch                   Fire           0%         2d5       100%        2
 Frozen Ramparts          Ice            0%         1d1       100%        3
 Ozocubu's Armour         Ice            0%         N/A       100%        3
 Swiftness                Air            0%         N/A       100%        3
 Vampiric Draining        Necr           0%         2d6       100%        3
 Vhi's Electric Charge    Tloc/Air       0%         N/A       100%        3
 Cause Fear               Hex            0%         N/A       100%        4
 Flame Wave               Conj/Fire      0%         2d4       100%        4
 Ice Form                 Ice/Tmut       0%         N/A       100%        4
 Agony                    Necr           0%         N/A       100%        5
 Arcjolt                  Conj/Air       0%         1d10      100%        5
 Plasma Beam              Fire/Air       0%         2x1d11    100%        6
 Dragon Form              Tmut           0%         N/A       100%        7
 Orb of Destruction       Conj           0%         9d5       100%        7
 Ozocubu's Refrigeration  Ice            0%         4d7       100%        7
 Summon Guardian Golem    Hex/Summ       Unusable   N/A       N/A         3
 Summon Ice Beast         Ice/Summ       Unusable   N/A       N/A         4
 Summon Cactus Giant      Summ           Unusable   N/A       N/A         6
 Spellforged Servitor     Conj/Summ      Unusable   N/A       N/A         7
 Dragon's Call            Summ           Unusable   N/A       N/A         9

Dungeon Overview and Level Annotations

Branches:
Dungeon (12/15)            Temple (1/1) D:7            Lair (4/5) D:11
    Orc (0/2) D:11
  Swamp: Lair:2-3    Shoals: Lair:2-3     Snake: Lair:2-3    Spider: Lair:2-3
  Slime: Lair:4-5

Altars:
Ashenzari
Cheibriados
Dithmenos
Elyvilon
Hepliaklqana
Kikubaaqudgha
Makhleb
Nemelex Xobeh
Okawaru
Sif Muna
Wu Jian
Xom
Yredelemnul
Zin
The Shining One

Shops:
D:6 :?[

Annotations:
D:8 1 transporter, Anaz's ghost, novice DgAE
D:12 Fannar
Lair:1 Casa


Innate Abilities, Weirdness & Mutations

You have a pair of horns on your head.
You reflexively headbutt those who attack you in melee.


Message History

You furiously retaliate!
You headbutt the dream sheep. You hit the dream sheep.
You kill the dream sheep!
Okawaru accepts your kill. The basilisk gazes at you.
Your limbs have turned to stone.
The yak closely misses you.
You have turned to stone.
The basilisk bites you.
The dream sheep bites you but does no damage.
The yak gores you. The basilisk bites you!
The dream sheep bites you but does no damage.
The yak gores you! The basilisk bites you! The dream sheep barely misses you.
The yak gores you but does no damage.
The basilisk bites you but does no damage.
The dream sheep bites you but does no damage.
The yak gores you but does no damage. The basilisk gazes at you.
You resist with some effort.
The dream sheep bites you but does no damage.
The yak gores you but does no damage. The basilisk bites you.
The dream sheep barely misses you. The yak gores you but does no damage.
The basilisk bites you but does no damage.
The dream sheep bites you. The yak gores you. The basilisk bites you!
* * * LOW HITPOINT WARNING * * *
The dream sheep bites you but does no damage.
The yak gores you.
* * * LOW HITPOINT WARNING * * *
You turn to flesh and can move again.
Unknown command.
Unknown command.
You slash the dream sheep! Your headbutt misses the dream sheep.
The dream sheep is moderately wounded.
The dream sheep shake their wool and sparkle.
You feel drowsy...
You fall asleep.
The basilisk bites you!!
You die...

##.......P# .>#
#....#...###...#
#..........#...#
#....#....#....##
##...#...#.....P#
##...#...###...##
#........# ...#
#.#.......## ..#
##....#@Y†.# ##
##...#lY..#
#...#Y..##
#.......#
#.........
#..........
#..$...<......
###.###..##### ##
####


You could see a yak, a basilisk and 2 dream sheep.

Vanquished Creatures
  Gastronok (D:10)
  3 boulder beetles
  Urug (Lair:1)
  4 two-headed ogres
  A skyshark (Lair:2)
  A cyclops (D:11)
  A manticore (D:11)
  A black mamba (Lair:1)
  A cane toad (Lair:1)
  Psyche (D:8)
  2 kobold demonologists (D:11)
  A rime drake (D:11)
  4 polar bears
  A hornet (D:7)
  5 blink frogs (Lair:1)
  3 dream sheep (Lair:4)
  A shadow (D:11)
  2 vampires
  A spriggan (D:10)
  3 basilisks
  A steam dragon (D:9)
  3 wraiths
  An unseen horror simulacrum (D:9)
  33 yaks
  6 water moccasins
  A sky beast (D:8)
  A black bear (D:7)
  6 ice beasts
  2 ogres
  5 orc warriors
  4 centaurs
  3 phantoms (D:11)
  4 wolves
  3 kobold brigands
  A spectral wyvern (D:7)
  5 bullfrogs
  2 necrophages (D:7)
  2 scorpions
  3 wights (D:10)
  4 troll zombies (D:11)
  13 killer bees (D:9)
  2 electric eels (D:9)
  6 howler monkeys
  8 orc priests
  A gnoll bouda (D:9)
  7 hounds
  A jelly (D:7)
  A centaur zombie (D:7)
  A bullfrog skeleton (D:7)
  3 iguanas
  4 orc wizards
  4 ogre zombies (D:11)
  A spectral howler monkey (D:7)
  12 gnolls
  10 adders
  A shadow imp (D:8)
  7 white imps
  3 ufetubi
  A worm (D:3)
  2 dart slugs
  22 orcs
  9 endoplasms
  5 giant cockroaches
  5 goblins
  3 hobgoblins
  8 jackals
  5 quokkas
  4 ball pythons
  7 bats
  3 frilled lizards
  2 goblin zombies (D:11)
  8 hobgoblin skeletons (D:11)
  2 hobgoblin zombies (D:11)
  20 kobolds
  An orc skeleton (D:11)
  12 orc zombies (D:11)
  7 rats
339 creatures vanquished.

Notes
Turn   | Place    | Note
-------+----------+-------------------------------------------
     0 | D:1      | Peloso the Minotaur Fighter began the quest for the Orb.
     0 | D:1      | Reached XP level 1. HP: 19/19 MP: 0/0
   449 | D:1      | Reached XP level 2. HP: 27/27 MP: 1/1
   966 | D:1      | Found a faded altar of an unknown god.
  1015 | D:2      | Reached XP level 3. HP: 33/33 MP: 2/2
  1234 | D:2      | Identified the +7 hand axe "Ushyoto" {speed, rF+ Str+2}
  1246 | D:2      | Reached skill level 3 in Long Blades
  1882 | D:3      | Reached XP level 4. HP: 35/41 MP: 3/3
  2178 | D:3      | Reached skill level 4 in Long Blades
  2334 | D:3      | Reached XP level 5. HP: 37/47 MP: 4/4
  2517 | D:3      | Found an ornate altar of the Wu Jian Council.
  2520 | D:3      | Found a snail-covered altar of Cheibriados.
  3086 | D:4      | Found a burning altar of Makhleb.
  3091 | D:4      | Reached skill level 5 in Armour
  3298 | D:4      | Reached skill level 5 in Long Blades
  3711 | D:5      | Entered Level 5 of the Dungeon
  3718 | D:5      | Reached XP level 6. HP: 53/53 MP: 5/5
  3723 | D:5      | Noticed a water moccasin
  3723 | D:5      | Noticed an ice beast
  3728 | D:5      | Killed an ice beast
  3730 | D:5      | Killed a water moccasin
  3731 | D:5      | Reached skill level 1 in Axes
  3755 | D:5      | Reached skill level 6 in Long Blades
  3755 | D:5      | Reached skill level 1 in Dodging
  3755 | D:5      | Reached XP level 7. HP: 58/60 MP: 6/6
  3836 | D:5      | Reached skill level 5 in Fighting
  3907 | D:5      | Identified the +0 ring mail of Negligence {rElec rN++
                  | Will-}
  4037 | D:5      | Reached skill level 7 in Long Blades
  4570 | D:6      | Found Iwuxicom's Magic Scroll Boutique.
  4575 | D:6      | Bought a scroll of identify for 28 gold pieces
  4575 | D:6      | Bought a scroll of identify for 28 gold pieces
  4621 | D:6      | Found Lifyol's Book Shop.
  4637 | D:6      | Reached XP level 8. HP: 23/68 MP: 7/7
  4809 | D:6      | Reached skill level 5 in Shields
  4820 | D:6      | Reached skill level 5 in Axes
  5321 | D:6      | Found Kuafaman's Antique Armour Shop.
  5486 | D:7      | Found a staircase to the Ecumenical Temple.
  5521 | Temple   | Entered the Ecumenical Temple
  5530 | Temple   | Became a worshipper of Warmaster Okawaru
  5721 | D:7      | Reached skill level 8 in Long Blades
  6101 | D:7      | Reached * piety under Okawaru
  6102 | D:7      | Reached XP level 9. HP: 72/78 MP: 8/8
  6108 | D:7      | Reached skill level 9 in Long Blades
  6124 | D:7      | Identified the +0 dagger "Haroxtec" {pain, Contam rC+
                  | Int+4}
  6540 | D:7      | Reached skill level 1 in Stealth
  7100 | D:8      | Found a shadowy altar of Dithmenos.
  7134 | D:8      | Noticed Psyche
  7145 | D:8      | Killed Psyche
  7145 | D:8      | Reached ** piety under Okawaru
  7361 | D:8      | Noticed a two-headed ogre
  7370 | D:8      | Killed a two-headed ogre
  7371 | D:8      | Reached skill level 10 in Long Blades
  7584 | D:8      | Reached skill level 10 in Armour
  7584 | D:8      | Reached XP level 10. HP: 29/86 MP: 9/9
  7592 | D:8      | Reached *** piety under Okawaru
  7854 | D:8      | Noticed Anaz's ghost (novice DgAE)
  7859 | D:8      | Found a transporter.
  8072 | D:9      | Reached skill level 11 in Long Blades
  8515 | D:9      | Noticed a boulder beetle
  8554 | D:9      | Killed a boulder beetle
  8789 | D:9      | Reached **** piety under Okawaru
  8902 | D:9      | Received a gift from Okawaru
  8937 | D:9      | Reached skill level 12 in Long Blades
  9697 | D:9      | Reached XP level 11. HP: 64/95 MP: 10/10
 10152 | D:10     | Entered Level 10 of the Dungeon
 10153 | D:10     | Noticed Gastronok
 10321 | D:10     | Killed Gastronok
 10321 | D:10     | Reached ***** piety under Okawaru
 10468 | D:10     | Noticed a two-headed ogre
 10477 | D:10     | Killed a two-headed ogre
 10478 | D:10     | Reached skill level 13 in Long Blades
 10495 | D:10     | Noticed a two-headed ogre
 10517 | D:10     | Killed a two-headed ogre
 11380 | D:11     | Identified the +7 hand axe of the Twisting Jester
                  | {antimagic, rElec Will+ Str+3 Dex+4}
 11482 | D:11     | Noticed a boulder beetle
 11512 | D:11     | HP: 3/99 [boulder beetle (42)]
 11522 | D:11     | Killed a boulder beetle
 11523 | D:11     | Reached skill level 14 in Long Blades
 11523 | D:11     | Reached skill level 1 in Invocations
 11646 | D:11     | Found a staircase to the Orcish Mines.
 11900 | D:11     | Reached skill level 10 in Fighting
 11904 | D:11     | Found a staircase to the Lair.
 11910 | D:11     | Identified the +2 cloak of Decompression {Fly Regen+}
                  | (Okawaru gifted it to you on level 11 of the Dungeon)
 11910 | D:11     | Received a gift from Okawaru
 12468 | D:11     | Reached XP level 12. HP: 108/108 MP: 11/11
 12477 | D:11     | Noticed a two-headed ogre
 12490 | D:11     | Killed a two-headed ogre
 12556 | D:11     | Noticed a boulder beetle
 12608 | D:11     | Killed a boulder beetle
 12609 | D:11     | Reached skill level 15 in Long Blades
 13120 | D:12     | Noticed Fannar
 13146 | Lair:1   | Entered Level 1 of the Lair of Beasts
 13680 | Lair:1   | Noticed Urug
 13697 | Lair:1   | Killed Urug
 14456 | Lair:2   | Reached skill level 16 in Long Blades
 14525 | Lair:2   | You are sucked into a shaft and drop 2 floors!
 14544 | Lair:4   | Reached skill level 10 in Shields
 14749 | Lair:4   | Slain by a basilisk

Illustrated notes

Levels and vault maps discovered:
D:1:      dpeg_arrival_fog, layout_loops_corners, serial_forest,
          infiniplex_forest_clump_long, infiniplex_forest_lined_2,
          infiniplex_forest_end_3, infiniplex_forest_clump_medium,
          infiniplex_forest_corner_1, infiniplex_forest_clump_tiny,
          infiniplex_forest_lined_1, chequers_ecumenical_altar_grove
D:2:      minmay_spotlight, layout_loops_ring, grunt_ministairs_15, fountainhead
D:3:      layout_basic, chequers_temple_overflow_statue_of_worship,
          minmay_misc_feat_doors, chequers_serial_rivers_micro_d,
          chequers_serial_rivers_small_a, chequers_serial_rivers_micro_b,
          chequers_garden, minmay_box_of_dots
D:4:      layout_basic, makhleb_heckhound_becter
D:5:      layout_loops_ring, serial_bayou_pond_c, minmay_manual_monstrance
D:6:      layout_basic, serial_shops, shop, nicolae_shop_trees, shop,
          grunt_decor_one_mirror
D:7:      layout_loops_corners, minmay_temple_entry_tees,
          dilly_guarded_unrand_morg
D:8:      layout_loops_corners, kennysheep_mini, gammafunk_ghost_smash,
          uniq_psyche
D:9:      layout_long_grid, serial_ice, serial_ice_e, serial_ice_l,
          serial_ice_o, serial_ice_b, serial_ice_h, serial_ice_m, serial_ice_c,
          serial_ice_n, nzn_sisyphean_effort
D:10:     layout_cave_pools, hangedman_decor_clover_reticule, the_hattery,
          uniq_gastronok
D:11:     layout_basic, hellmonk_lair_entry_icy, zombieorc2_lemuel
D:12:     layout_stronghold, argonaut_gorgonesque, uniq_nessos, uniq_josephine,
          uniq_lodul, uniq_fannar
Temple:   nicolae_temple_two_arcs
Lair:1:   layout_cave_shapes, serial_bayou_lagoon_a,
          dreamdust_mushroom_princess, serial_bayou_pond_a, uniq_urug
Lair:2:   layout_regular_city, elwin_shoals_entry_rooms,
          spider_nest_entry_funnel_web
Lair:3:   layout_big_grid, chequers_serial_rivers_room_a,
          infiniplex_staircase_pool
Lair:4:   layout_long_grid, dpeg_slime_entry_enclosed,
          chequers_serial_rivers_micro_a

Skill      XL: |  1  2  3  4  5  6  7  8  9 10 11 12 |
---------------+-------------------------------------+-----
Shields        | 4 5 6 7 8 10 | 10.2
Fighting       | 4 5 6 7 8 10 12 | 12.0
Armour         | 4 5 6 8 10 11 12 13 | 13.5
Long Blades    | 3 4 5 6 7 8 10 12 14 16 | 16.1
Axes           | 1 4 5 7 8 9 |  9.4
Dodging        | 1 2 3 4 |  4.6
Stealth        | 1 |  1.4
Invocations    | 1 |  1.6
Evocations     | |  0.7

Action                     |  1- 3 |  4- 6 |  7- 9 | 10-12 || total
---------------------------+-------+-------+-------+-------++-------
  Melee: Long sword        |    77 |   134 |   178 |   790 ||  1179
         Headbutt          |    12 |    17 |    52 |   249 ||   330
         Hand axe          |       |    10 |    88 |    93 ||   191
 Invoke: Heroism           |       |       |       |    10 ||    10
  Evoke: Wand              |       |       |       |     4 ||     4
    Use: Potion            |     4 |     1 |       |     4 ||     9
         Scroll            |       |     7 |     4 |     2 ||    13
 Armour: Scale mail        |    26 |       |       |       ||    26
         Chain mail        |    11 |   104 |   143 |   140 ||   398
         Plate armour      |       |       |       |   326 ||   326
  Dodge: Dodged            |    30 |    68 |   105 |   332 ||   535
  Block: Buckler           |    18 |    43 |    70 |   253 ||   384
